 Dungeon Crawl Stone Soup version 0.21.1-1-g345015f (webtiles) character file.

581 infcreate the Conjurer (level 7, -1/36 HPs)
             Began as a Deep Elf Conjurer on June 8, 2018.
             Slain by a slave (5 damage)
             ... led by Pikel
             ... on level 4 of the Dungeon.
             The game lasted 00:32:40 (3559 turns).

infcreate the Conjurer (Deep Elf Conjurer)          Turns: 3559, Time: 00:32:41

Health: -1/36      AC:  2    Str:  5    XL:     7   Next: 14%
Magic:  8/28       EV: 13    Int: 22    God:
Gold:   209        SH:  0    Dex: 15    Spells: 9/19 levels left

rFire    . . .     SeeInvis .   (no weapon)
rCold    . . .     Gourm    .   (no shield)
rNeg     . . .     Faith    .   a - +0 robe
rPois    .         Spirit   .   (no helmet)
rElec    .         Reflect  .   (no cloak)
rCorr    .         Harm     .   (no gloves)
MR       .....                  (no boots)
Stlth    ++........             (no amulet)
HPRegen  0.12/turn              j - ring of magical power
MPRegen  0.21/turn              (no ring)

@: very slightly contaminated
A: no striking features
a: no special abilities


You were on level 4 of the Dungeon.
You were hungry.

You visited 1 branch of the dungeon, and saw 4 of its levels.

You collected 209 gold pieces.

Inventory:

Armour
 a - a +0 robe (worn)
Jewellery
 j - a ring of magical power (left hand)
Wands
 p - a wand of random effects (29)
Scrolls
 d - 4 scrolls of remove curse {unknown}
 e - a scroll of magic mapping {unknown}
 f - a scroll of teleportation {unknown}
 h - 4 scrolls of identify
 i - a scroll of enchant armour {unknown}
Potions
 g - a potion of resistance {unknown}
 k - a potion of flight {unknown}
 l - a potion of lignification {unknown}
 m - a potion of haste {unknown}
 n - a potion of heal wounds {unknown}
 o - a potion of degeneration {unknown}
 q - a potion of might {unknown}
Books
 b - a book of Conjurations

   Spells                             Type                      Level
   a - Magic Dart                     Conjuration                  1
   b - Searing Ray                    Conjuration                  2
   c - Dazzling Spray                 Conjuration/Hexes            3
   d - Fulminant Prism                Conjuration/Hexes            4
   e - Force Lance                    Conjuration/Translocation    4
   f - Iskenderun's Mystic Blast      Conjuration                  4
Comestibles
 c - 4 rations


   Skills:
 + Level 3.1 Dodging
 + Level 3.2 Stealth
 + Level 6.7 Spellcasting
 + Level 7.5 Conjurations
 + Level 1.0 Hexes


You had 9 spell levels left.
You knew the following spells:

 Your Spells              Type           Power        Failure   Level  Hunger
a - Magic Dart            Conj           ####         1%          1    None
b - Searing Ray           Conj           #####.       1%          2    None
c - Dazzling Spray        Conj/Hex       ####..       4%          3    #......
d - Fulminant Prism       Conj/Hex       ####......   14%         4    ###....


Dungeon Overview and Level Annotations

Branches:
Dungeon (4/15)
 Temple: D:4-7

Altars:

Annotations:
D:4 Pikel


Message History

The blast of energy engulfs the slave.
The slave is heavily wounded.
You hear a shout! x2
Casting: Searing Ray
Confirm with . or Enter, or press ? or * to list all spells.
Okay, then.
The searing ray hits the slave.
The slave is lightly wounded.
The slave hits you. The slave barely misses you.
The searing ray misses the slave.
The searing ray hits Pikel.
Pikel is almost dead.
The slave hits you.
The searing ray misses Pikel.
The searing ray hits the slave.
The slave is severely wounded.
The searing ray misses the slave.
You finish channeling your searing ray.
The slave hits you!
* * * LOW HITPOINT WARNING * * *
A hobgoblin comes into view. It is wielding a club.
Pikel drinks a potion.
Pikel goes berserk!
The slave hits you.
You die...

.≈≈≈≈≈≈≈≈≈≈≈≈≈≈≈≈≈≈≈≈≈≈≈≈≈≈≈≈≈≈≈≈
.≈≈≈≈≈≈≈≈≈≈≈≈≈≈≈≈≈≈≈≈≈≈≈≈≈≈≈≈≈≈≈≈
..≈≈≈≈≈≈≈≈≈≈≈≈≈≈≈≈≈≈≈≈≈≈≈≈#####≈≈
########################### #≈≈
.#.......#.....## ##.....)# #≈≈
.#.......'......###.......# #≈≈
.#########)......#........#
..#.).....).....p#p........
..(.))).))).....@Kp.[.)....
).#.)..(.))).....#..)(.g.).
.#########.......#........#
.#.......'......###.......#
.#.......#.....## ##......#
################ #######


You could see Pikel (berserk), 3 slaves and a hobgoblin.

Vanquished Creatures
  Sigmund (D:4)
  A slave (D:4)
  An ogre (D:3)
  A crimson imp (D:3)
  An orc priest (D:4)
  An iguana (D:4)
  Natasha (D:4)
  2 worker ants (D:4)
  A hound skeleton (D:4)
  3 gnolls (D:4)
  An adder (D:4)
  An ooze (D:1)
  2 worms
  2 leopard geckos
  7 orcs
  3 giant cockroaches
  30 goblins
  27 hobgoblins
  2 jackals (D:4)
  4 kobolds
  2 quokkas
  6 bats
  2 frilled lizards (D:3)
  4 rats
  4 fulminant prisms (D:4)
110 creatures vanquished.

Vanquished Creatures (others)
  10 fulminant prisms (D:4)
10 creatures vanquished.

Grand Total: 120 creatures vanquished

Notes
Turn   | Place    | Note
-------+----------+-------------------------------------------
     0 | D:1      | infcreate the Deep Elf Conjurer began the quest for the Orb.
     0 | D:1      | Reached XP level 1. HP: 10/10 MP: 6/6
   159 | D:1      | Reached XP level 2. HP: 15/15 MP: 2/8
   163 | D:1      | Learned a level 2 spell: Searing Ray
   183 | D:1      | Reached skill level 5 in Conjurations
  1328 | D:3      | Reached XP level 3. HP: 19/19 MP: 9/9
  1576 | D:3      | Noticed an ogre
  1581 | D:3      | Killed an ogre
  1581 | D:3      | Reached skill level 6 in Conjurations
  1581 | D:3      | Reached XP level 4. HP: 24/24 MP: 12/12
  1660 | D:3      | Reached XP level 5. HP: 26/28 MP: 13/13
  1899 | D:4      | Learned a level 3 spell: Dazzling Spray
  1904 | D:4      | Learned a level 4 spell: Fulminant Prism
  2073 | D:4      | HP: 1/28 [orc priest/divine providence (13)]
  2400 | D:4      | Reached XP level 6. HP: 32/32 MP: 8/15
  2409 | D:4      | Reached skill level 7 in Conjurations
  2439 | D:4      | Reached skill level 5 in Spellcasting
  3054 | D:4      | Noticed Sigmund
  3062 | D:4      | Killed Sigmund
  3313 | D:4      | Noticed Natasha
  3315 | D:4      | Killed Natasha
  3315 | D:4      | Reached XP level 7. HP: 36/36 MP: 14/18
  3315 | D:4      | Reached skill level 1 in Hexes
  3547 | D:4      | Noticed Pikel
  3559 | D:4      | Slain by a slave

Skill      XL: |  1  2  3  4  5  6  7 |
---------------+----------------------+-----
Conjurations   | 5 6 7 |  7.5
Spellcasting   | 4 6 |  6.7
Dodging        | 3 |  3.1
Stealth        | 3 |  3.2
Hexes          | 1 |  1.0

Action                   |  1- 3 |  4- 6 |  7- 9 || total
-------------------------+-------+-------+-------++-------
 Cast: Magic Dart        |    46 |   104 |    21 ||   171
       Searing Ray       |     4 |     2 |     1 ||     7
       Fulminant Prism   |       |     9 |     5 ||    14
       Dazzling Spray    |       |     4 |       ||     4
  Use: Scroll            |     1 |       |       ||     1
  Eat: Chunk             |     2 |     4 |       ||     6
       Ration            |       |     1 |       ||     1
Armor: Robe              |     1 |     6 |     3 ||    10
Dodge: Dodged            |       |    23 |     6 ||    29
